 Dungeon Crawl Stone Soup version 0.23.2-33-g5129a83184 (webtiles) character file.

Game seed: 4529245793446892251

16 FishyPogo the Digger (level 2, 0/20 HPs)
             Began as a Ghoul Earth Elementalist on July 30, 2019.
             Was an Initiate of Ashenzari.
             Slain by a ball python (1 damage)
             ... on level 1 of the Dungeon.
             The game lasted 00:10:08 (886 turns).

FishyPogo the Digger (Ghoul Earth Elementalist)      Turns: 886, Time: 00:10:08

Health: 0/20       AC:  2    Str: 11    XL:     2   Next: 58%
Magic:  0/4        EV:  9    Int: 10    God:    Ashenzari [......]
Gold:   57         SH:  0    Dex:  9    Spells: 4/5 levels left

rFire    . . .     SeeInvis .   (no weapon)
rCold    + . .     Gourm    .   (no shield)
rNeg     + + +     Faith    .   c - +0 robe
rPois    ∞         Spirit   .   (no helmet)
rElec    .         Reflect  .   (no cloak)
rCorr    .         Harm     .   (no gloves)
MR       .....                  (no boots)
Stlth    ++........             (no amulet)
HPRegen  0.00/turn              (no ring)
MPRegen  0.09/turn              (no ring)

@: very slightly contaminated, rotting, constricted
A: rotting body, claws 1, carnivore, cold resistance 1, negative energy
resistance 3, inhibited regeneration, torment resistance, unbreathing
a: Curse Item, Renounce Religion


You were on level 1 of the Dungeon.
You worshipped Ashenzari.
Ashenzari was noncommittal.
You were not hungry.

You visited 1 branch of the dungeon, and saw 2 of its levels.

You collected 57 gold pieces.

Inventory:

Hand Weapons
 a - a +0 spear
Missiles
 b - 72 stones (quivered)
Armour
 c - a +0 robe (worn)
 i - a +0 buckler
Scrolls
 e - a scroll of identify {unknown}
 f - a scroll of remove curse
 h - a scroll of amnesia {unknown}
 j - a scroll of magic mapping {unknown}
Comestibles
 d - 3 rations
 g - 2 chunks of flesh


   Skills:
 + Level 0.0 Fighting
 + Level 2.0 Dodging
 + Level 2.4 Stealth
 + Level 0.1 Shields
 + Level 0.0 Unarmed Combat
 * Level 2.1 Spellcasting
   Level 0.8 Transmutations
 + Level 3.5 Earth Magic


You had 4 spell levels left.
You knew the following spells:

 Your Spells              Type           Power        Failure   Level  Hunger
a - Sandblast             Erth           #.....       8%          1    ##.....

Your spell library contained the following spells:

 Spells                   Type           Power        Failure   Level  Hunger
 Passwall                 Tmut/Erth      #.......     19%         2    ###....
 Stone Arrow              Conj/Erth      #.....       41%         3    ####...
 Petrify                  Tmut/Erth      #.......     77%         4    #####..
 Lee's Rapid Deconstruct  Erth           #.........   90%         5    ######.


Dungeon Overview and Level Annotations

Branches:
Dungeon (2/15)

Altars:
Ashenzari

Annotations:
D:1 Robin


Innate Abilities, Weirdness & Mutations

Your body is rotting away.
You thrive on raw meat.
You are immune to poison.
You have sharp fingernails.
You are carnivorous and can eat meat at any time.
Your flesh is cold resistant. (rC+)
You are immune to negative energy. (rN+++)
You do not regenerate when monsters are visible.
You are immune to unholy pain and torment.
You can survive without breathing.


Message History

Press: ? - help, Shift-Dir - straight line, f/p - Robin
Aim: Robin, wielding a +0 club, wearing a +0 animal skin, wearing a +0 helmet and carrying a wand of flame (24) (heavily wounded)
The blast of sand hits Robin.
Robin is severely wounded.
b - 72 stones The ball python bites you.
The ball python constricts you.
Robin zaps a wand.
The puff of flame hits you!
Ouch! That really hurt!
* * * LOW HITPOINT WARNING * * *
The ball python closely misses you. The ball python constricts you.
Casting: Sandblast (safe; 8% risk of failure)
Confirm with . or Enter, or press ? or * to list all spells.
Aiming: Sandblast (safe; 8% risk of failure)
Press: ? - help, Shift-Dir - straight line, f/p - Robin
Aim: Robin, wielding a +0 club, wearing a +0 animal skin, wearing a +0 helmet and carrying a wand of flame (23) (severely wounded)
You miscast Sandblast.
You are very lightly contaminated with residual magic.
Your feet feel warm.
The ball python bites you but does no damage.
You die...

#........## ##≈≈≈≈≈≈≈≈≈≈### #...
#.........###≈≈≈≈≈≈≈≈...# #...
#.........##≈≈≈≈........# #...
##.........##≈≈≈.........# #...
#..........#≈≈≈#.........# #...
#..........#≈≈##.........# #...
#..........#≈# #.........# #...
#........#### #.g.......# #...
#........# #@S......<# #...
#........# ########### #...
#........#####################..#
.........'..................##...
#####....####...#...........##..#
#...'....####.(.#...........##...
#.###...........#...........##.#.
#.###..........####..##.....##.#.
#..................^..#.....##.##


You could see Robin and a ball python.

Vanquished Creatures
  An ooze (D:1)
  A leopard gecko (D:1)
  3 goblins
  2 hobgoblins (D:1)
  A jackal (D:2)
  A kobold (D:1)
  A rat (D:1)
10 creatures vanquished.

Notes
Turn   | Place    | Note
-------+----------+-------------------------------------------
     0 | D:1      | FishyPogo the Ghoul Earth Elementalist began the quest for
                  | the Orb.
     0 | D:1      | Reached XP level 1. HP: 14/14 MP: 2/2
   157 | D:1      | Reached XP level 2. HP: 19/19 MP: 0/4
   265 | D:1      | Found a shattered altar of Ashenzari.
   272 | D:1      | Became a worshipper of Ashenzari the Shackled
   791 | D:2      | Noticed Robin
   885 | D:1      | HP: 1/20 [Robin/wand of flame (24) (12)]
   886 | D:1      | Slain by a ball python

Skill      XL: |  1  2 |
---------------+-------+-----
Spellcasting   | 2 |  2.1
Dodging        | 2 |  2.0
Stealth        | |  2.4
Shields        | |  0.1
Transmutations | |  0.8
Earth Magic    | |  3.5

Action                   || total
-------------------------++-------
Melee: Spear             ||    10
       Unarmed           ||     8
 Cast: Sandblast         ||    10
  Eat: Chunk             ||     5
Armor: Robe              ||     8
Dodge: Dodged            ||    20
